 Dungeon Crawl Stone Soup version 0.29.1-14-g9c671dbff4 (webtiles) character file.

Game seed: 15429246752381241227

319 hawla the Firebug (level 7, 0/50 HPs)
             Began as a Meteoran Fire Elementalist on Feb 12, 2023.
             Slain by Menkaure (15 damage)
             ... on level 4 of the Dungeon.
             The game lasted 00:08:08 (1769 turns).

hawla the Firebug (Meteoran Fire Elementalist)      Turns: 1769, Time: 00:08:09

Health: 0/50       AC:  6    Str:  9    XL:     7   Next: 5%
Magic:  3/14       EV: 13    Int: 19    God:
Gold:   111        SH:  0    Dex: 15    Spells: 8/15 levels left

rFire   . . .      SeeInvis .   (no weapon)
rCold   . . .      Faith    .   (no shield)
rNeg    . . .      Spirit   .   a - +0 robe
rPois   .          Reflect  .   (no helmet)
rElec   .          Harm     .   (no cloak)
rCorr   .          Rampage  .   (no gloves)
Will    +....                   (no boots)
Stlth   +.........              (no amulet)
HPRegen 0.16/turn               e - ring of willpower
MPRegen 0.14/turn               h - +4 ring of protection

@: glowing
A: sense surroundings 1, otherworldly, glowing, explore regen
a: no special abilities


You were on level 4 of the Dungeon.
You visited 1 branch of the dungeon, and saw 4 of its levels.

You collected 189 gold pieces.
You spent 78 gold pieces at shops.

Inventory:

Armour
 a - a +0 robe (worn)
Jewellery
 e - a ring of willpower (left hand)
 h - a +4 ring of protection (right hand)
Potions
 b - a potion of magic
 c - 2 potions of heal wounds
 d - a potion of curing
 f - 2 potions of ambrosia {unknown}
 g - a potion of degeneration {unknown}
 i - a potion of lignification {unknown}
 j - a potion of berserk rage {unknown}


   Skills:
 + Level 2.9 Dodging
 - Level 1.4 Stealth
 + Level 4.6 Spellcasting
 + Level 4.8 Conjurations
 + Level 5.5 Fire Magic


You had 8 spell levels left.
You knew the following spells:

 Your Spells              Type           Power      Damage    Failure   Level
a - Foxfire               Conj/Fire      96%        2x1d8     1%          1
b - Scorch                Fire           50%        2d8       1%          2
c - Flame Wave            Conj/Fire      24%        2d8       16%         4

Your spell library contained the following spells:

 Spells                   Type           Power      Damage    Failure   Level
 Conjure Flame            Conj/Fire      24%        6-21      4%          3
 Inner Flame              Hex/Fire       14%        N/A       13%         3


Dungeon Overview and Level Annotations

Branches:
Dungeon (4/15) Zot: 631
 Temple: D:4-7

Altars:
Makhleb

Shops:
D:2 *

Annotations:
D:3 3 runed translucent doors, Mickster's ghost, amateur HOFi
D:4 Edmund; Menkaure


Innate Abilities, Weirdness & Mutations

You passively map a small area around you.
You are easily found by Zot.
You glow in the dark.
You regain HP and MP as you explore.


Message History

You hear the slow hiss of an avalanche of sand nearby.
A hobgoblin and an endoplasm come into view.
Found 20 gold pieces.
The hobgoblin shouts!
The endoplasm quivers.
Menkaure calls on the powers of darkness!
Your body is wracked with pain!
Things that are here:
a +0 club; a goblin corpse An adder comes into view.
The adder hisses angrily.
Your magical contamination has completely faded away.
You hit Menkaure but do no damage. Menkaure hits you!
* * * LOW HITPOINT WARNING * * *
Casting: Flame Wave (quite dangerous; 16% risk of failure)
Confirm with . or Enter, or press ? or * to list all spells.
The spell is quite dangerous to miscast (16% risk of failure)!
Continue anyway?
Casting: Flame Wave (quite dangerous; 16% risk of failure)
Press: ? - help, Dir - look around, f - activate A wave of flame ripples out!
The flame wave engulfs Menkaure.
Menkaure is burned terribly!
Menkaure is lightly damaged. (Press . to intensify the flame waves.) Menkaure barely misses you.
A wave of flame ripples out!
The flame wave engulfs Menkaure.
Menkaure is burned terribly!
Menkaure is moderately damaged.
The flame wave engulfs the endoplasm!
You kill the endoplasm!
The flame wave engulfs the hobgoblin.
The hobgoblin is severely wounded.
A wave of flame ripples out!
The flame wave engulfs Menkaure!
Menkaure is burned terribly!
Menkaure is severely damaged.
The flame wave engulfs the adder!
You kill the adder!
The flame wave engulfs the hobgoblin!
You kill the hobgoblin!
You finish channelling waves of flame.
Menkaure hits you!
You die...

.##### , .....#
#.......# ####.#
#..$.... ###..#
#......# ..)#.# *
#......, ###..# #
#....., * #..# ##.
#...†,, #
#..#####...#.#M# .#
#............#@##..#
#..#####...##.).#..#
###..#### #..........#
..#.....# #####...##.#
.....##.########.## #
..[..##.......##.## #
#....########.##..##.#
##.#..# * #.....#
#..##.# , #..####


You could see Menkaure.

Vanquished Creatures
  Sigmund (D:4)
  A hound (D:4)
  3 adders
  4 gnolls (D:3)
  4 worms
  3 dart slugs (D:2)
  6 orcs
  8 bats
  5 endoplasms
  2 giant cockroaches (D:1)
  4 goblins
  3 hobgoblins
  3 quokkas
  5 ball pythons
  6 frilled lizards
  4 kobolds
  3 rats
65 creatures vanquished.

Vanquished Creatures (others)
  106 foxfires
106 creatures vanquished.

Grand Total: 171 creatures vanquished

Notes
Turn   | Place    | Note
-------+----------+-------------------------------------------
     0 | D:1      | hawla the Meteoran Fire Elementalist began the quest for
                  | the Orb.
     0 | D:1      | Reached XP level 1. HP: 14/14 MP: 5/5
    60 | D:1      | Reached XP level 2. HP: 20/20 MP: 1/7
    63 | D:1      | Learned a level 2 spell: Scorch
   168 | D:1      | Reached skill level 4 in Fire Magic
   211 | D:2      | Found Ricwinea's Assorted Antiques.
   233 | D:2      | Bought 2 clear potions for 50 gold pieces
   364 | D:2      | Reached XP level 3. HP: 20/26 MP: 5/8
   840 | D:2      | Reached XP level 4. HP: 31/33 MP: 2/10
   845 | D:2      | Learned a level 4 spell: Flame Wave
  1100 | D:2      | Glimpsed the power of Zot.
  1104 | D:2      | Bought a scroll labelled ELLETSUCLU for 28 gold pieces
  1234 | D:3      | Found a burning altar of Makhleb.
  1240 | D:3      | Found a runed translucent gate.
  1246 | D:3      | Found a runed translucent gate.
  1246 | D:3      | Found a runed translucent gate.
  1249 | D:3      | Noticed Mickster's ghost (amateur HOFi)
  1437 | D:3      | Reached XP level 5. HP: 38/38 MP: 5/11
  1672 | D:4      | Noticed Sigmund
  1681 | D:4      | Killed Sigmund
  1682 | D:4      | Reached skill level 5 in Fire Magic
  1682 | D:4      | Reached XP level 6. HP: 31/45 MP: 5/13
  1723 | D:4      | Reached XP level 7. HP: 50/50 MP: 9/14
  1723 | D:4      | Noticed Edmund
  1756 | D:4      | Noticed Menkaure
  1769 | D:4      | Slain by Menkaure

Illustrated notes

Levels and vault maps discovered:
D:1:      dpeg_arrival_water_temple_mockup, layout_loops_ring,
          shapermc_ecumenical_altar_acropolis
D:2:      layout_basic, serial_shops, nicolae_shop_hallway_plus, minivault_26
D:3:      minmay_diamond_boxcup, layout_basic, mainiacjoe_overflow_boulevard,
          ebering_ghost_rock_garden, grunt_ministairs_1,
          chequers_hall_statues_corner_a, uniq_crazy_yiuf_cottage
D:4:      layout_loops_ring, nicolae_gozag_seed_capital,
          mainiacjoe_overflow_24_doors, nicolae_ashenzari_panopticon,
          nicolae_wu_jian_wuxing_cycle, temple_hall, enter_ossuary_5,
          chequers_serial_rivers_micro_d, guppyfry_early_lair_pool,
          uniq_menkaure, uniq_ijyb, uniq_edmund, uniq_sigmund

Skill      XL: |  1  2  3  4  5 |
---------------+----------------+-----
Spellcasting   | 3 4 |  4.6
Fire Magic     | 4 5 |  5.5
Conjurations   | 3 4 |  4.8
Dodging        | |  2.9
Stealth        | |  1.4

Action                   |  1- 3 |  4- 6 |  7- 9 || total
-------------------------+-------+-------+-------++-------
Melee: Unarmed           |    28 |     8 |     1 ||    37
       Punch             |     1 |       |       ||     1
 Cast: Foxfire           |    27 |    35 |     2 ||    64
       Scorch            |    16 |    12 |       ||    28
       Flame Wave        |       |       |     3 ||     3
  Use: Scroll            |       |     5 |     1 ||     6
       Potion            |       |       |     1 ||     1
Armor: Robe              |    19 |     3 |       ||    22
Dodge: Dodged            |    28 |    10 |     3 ||    41
